Guastatori and Arty

Match 39240222
End
Panzergrenadier Squad
Panzergrenadier Squad
250 Light Carrier
Construct Light Support Kompanie
Fire Support Elements
2.5-tonne Medical Truck
Selects Italian Infantry
Selects Italian Infantry
Selects Italian Infantry
Selects Defensive Operations
Pak 38 Mechanized Group
Construct Panzerarmee Kommand
Selects Guastatori Squad
Guastatori Squad
Veteran Squad Leaders
Guastatori Squad
Selects Registered Artillery
Registered Artillery
Walking Stuka Rocket Launcher
Combat Half-tracks
Pak 38 Mechanized Group
Registered Artillery
Selects Towed Cannone da 105/28 Field Howitzer
Selects Prepared Positions
Towed Cannone da 105/28 Field Howitzer
Registered Artillery
Armored Reserves
Registered Artillery
Towed Cannone da 105/28 Field Howitzer
Brother
Leofreeman
391878204
Hellfire
CHINOOOK
Knoll
junjjang
Mendo
0
0

Comments sign in to comment!

No comments posted yet!